[Event "Team 45 45 League T73"]
[Site "Internet Chess Club"]
[Date "2017.07.02"]
[Round "3"]
[White "fishhead"]
[Black "MOM1"]
[Result "1-0"]
[WhiteElo "1728"]
[BlackElo "1677"]
[Opening "Scandinavian: Pytel-Wade variation"]
[ECO "B01"]
[Time "14:00:24"]
[TimeControl "2700+45"]

1. e4 d5 2. exd5 Qxd5 3. Nc3 Qd6 4. d4 Nf6 5. Bc4 a6 6. Nge2 Qc6 7. Qd3 Qxg2 8.
Rg1 Qh3 9. Ng3 b5 10. Qf3 Ra7 11. Bb3 Bb7 12. Qf4 Qxh2 13. Rf1 Bg2 14. Be3 Bxf1
15. Kxf1 e6 16. d5 Bd6 17. Qf3 Bxg3 18. Bxa7 O-O 19. fxg3 Nh5 20. Bf2 exd5 21.
Nxd5 Nc6 22. Qg2 {Anonymous or guest player Black disconnected and forfeits} 1-0

[Event "Team 45 45 League T73"]
[Site "Internet Chess Club"]
[Date "2017.07.01"]
[Round "3"]
[White "Beetlejuice"]
[Black "zap2"]
[Result "1-0"]
[WhiteElo "1766"]
[BlackElo "1706"]
[Opening "Benkö gambit half accepted"]
[ECO "A57"]
[Time "05:04:16"]
[TimeControl "2700+45"]

1. d4 Nf6 2. c4 c5 3. d5 b5 4. cxb5 a6 5. f3 g6 6. e4 d6 7. Na3 Bg7 8. Ne2 axb5
9. Nxb5 O-O 10. Nec3 Ba6 11. Be2 Qb6 12. Be3 Nbd7 13. O-O Nh5 14. Qd2 Qa5 15. a4
Rfc8 16. Bg5 Nhf6 17. Rfb1 Nb6 18. Nd1 Qxd2 19. Bxd2 h6 20. Bc3 Nh5 21. Bxg7
Nxg7 22. Rc1 f5 23. Ne3 fxe4 24. fxe4 Ne8 25. Rc2 Nf6 26. a5 Nbd7 27. Ra4 Ne5
28. Nc3 Nd3 29. Rd2 Nb4 30. Bxa6 Rxa6 31. Nc4 Nd7 32. Kf2 Kg7 33. Ke3 Rf8 34.
Na2 Nxa2 35. Rxa2 Nf6 36. h3 Rb8 37. Rd3 Rb4 38. Rc3 Nd7 39. Raa3 Kf6 40. Rab3
Ne5 41. Nxe5 Kxe5 42. Rxb4 cxb4 43. Rb3 Rxa5 44. Rxb4 Ra1 45. Rb7 Re1+ 46. Kf3
Rf1+ 47. Ke2 Rf7 48. Ke3 Kf6 49. b4 Rf8 50. b5 Ra8 51. b6 Ra3+ 52. Ke2 Ra2+ 53.
Kd3 Ra3+ 54. Kc4 Ra4+ 55. Kb5 Rxe4 56. Rc7 Re1 57. b7 Rb1+ 58. Kc6 e5 59. Rc8 e4
60. b8=Q Rxb8 61. Rxb8 Ke5 62. Re8+ Kd4 63. Kxd6 Kd3 64. Kc5 e3 65. d6 {Black
resigns} 1-0

[Event "Team 45 45 League T73"]
[Site "Internet Chess Club"]
[Date "2017.07.02"]
[Round "3"]
[White "TheRailgun"]
[Black "santiagoelawad"]
[Result "1-0"]
[WhiteElo "1858"]
[BlackElo "1974"]
[Opening "Caro-Kann: Tartakower (fantasy) variation"]
[ECO "B12"]
[Time "12:18:49"]
[TimeControl "2700+45"]

1. e4 c6 2. d4 d5 3. f3 g6 4. Nc3 Bg7 5. Be3 dxe4 6. fxe4 Nf6 7. Nf3 O-O 8. h3
Qa5 9. Qd2 c5 10. dxc5 Rd8 11. Bd3 Na6 12. O-O Nxc5 13. b4 Qxb4 14. Rab1 Qa3 15.
Nb5 Qxa2 16. Bxc5 Nxe4 17. Qb4 Nxc5 18. Qxc5 e6 19. Nc3 Bxc3 20. Qxc3 Qd5 21.
Qf6 Rf8 22. Ne5 Qd4+ 23. Kh1 b6 24. Rf4 Qc3 25. Rc4 Qa3 26. Ng4 h5 27. Nh6+ Kh7
28. Bxg6+ fxg6 29. Rc7+ Kxh6 30. Qg7+ Kg5 31. h4+ Kxh4 32. Qe5 Rf5 33. Qe4+ Kg5
34. Qxa8 Ba6 35. Qd8+ Kg4 36. Qd1+ Kg5 37. Qd2+ Rf4 38. Rxa7 Kf5 39. Rf7+ {Black
resigns} 1-0

[Event "Team 45 45 League T73"]
[Site "Internet Chess Club"]
[Date "2017.07.01"]
[Round "3"]
[White "primerpaso"]
[Black "kamalchandran"]
[Result "1-0"]
[WhiteElo "1822"]
[BlackElo "1881"]
[Opening "English opening"]
[ECO "A16"]
[Time "09:04:07"]
[TimeControl "2700+45"]

1. c4 Nf6 2. Nc3 g6 3. g3 Bg7 4. Bg2 O-O 5. e4 d6 6. Nge2 c5 7. O-O Nc6 8. d3 a6
9. h3 Rb8 10. f4 Bd7 11. Be3 b5 12. Qd2 Na5 13. e5 Ne8 14. cxb5 axb5 15. exd6
exd6 16. Nd5 Nf6 17. Nxf6+ Bxf6 18. Rab1 Re8 19. Rfe1 c4 20. b4 cxb3 21. axb3 b4
22. Nd4 Qb6 23. Ne6 Qa6 24. Nc7 Qc8 25. Nxe8 Bc3 26. Nxd6 Qa6 27. Qa2 Be6 28.
Nc4 Rb5 29. Red1 Qc8 30. Nxa5 Qa6 31. Ra1 Bxa1 32. Rxa1 Qd6 33. Qe2 Qa6 34. Qa2
Qd6 35. Bf1 Rh5 36. Nc4 Qd7 37. Qa8+ Kg7 38. Ra7 Qb5 39. Bd4+ {Black resigns}
1-0

[Event "Team 45 45 League T73"]
[Site "Internet Chess Club"]
[Date "2017.07.01"]
[Round "3"]
[White "JPSVI"]
[Black "kabindra"]
[Result "1-0"]
[WhiteElo "1401"]
[BlackElo "1821"]
[Opening "QGD: classical variation (5.Bf4)"]
[ECO "D37"]
[Time "18:01:07"]
[TimeControl "2700+45"]

1. Nf3 d5 2. d4 Nf6 3. c4 e6 4. Nc3 Be7 5. Bf4 O-O 6. e3 c5 7. dxc5 Bxc5 8. cxd5
Nxd5 9. Nxd5 exd5 10. a3 Nc6 11. Bd3 Bg4 12. O-O Qf6 13. b4 Bd6 14. Bxd6 Qxd6
15. h3 Bh5 16. g4 Bg6 17. Bxg6 hxg6 18. Nd4 Ne5 19. Nf3 Rad8 20. Nxe5 Qxe5 21.
Qd4 Qg5 22. Qxa7 f5 23. Qd4 f4 24. Rac1 Qh6 25. Kh2 g5 26. Rc7 fxe3 27. Qxe3 d4
28. Qe7 d3 29. Rd7 Rxd7 30. Qxd7 Qg6 31. Kg2 Qe4+ 32. f3 Qc4 33. Rf2 Qc3 34.
Qxb7 Rd8 35. Qb6 Re8 36. Qc5 Qe1 37. Qd5+ Kh8 38. Qxd3 Re3 39. Qd8+ Kh7 40. Qxg5
Rxa3 41. Qd2 Qe7 42. Re2 Qf7 43. Qc2+ Kh8 44. Qc8+ Kh7 45. Qf5+ Qxf5 46. gxf5
Kh6 47. Kg3 Kg5 48. Re5 Rb3 49. b5 Kf6 50. Rc5 Kf7 51. Kg4 Kf6 52. f4 Rb1 53.
Rc6+ Kf7 54. b6 Rg1+ {Black resigns} 1-0

[Event "Team 45 45 League T73"]
[Site "Internet Chess Club"]
[Date "2017.07.02"]
[Round "3"]
[White "pokerram"]
[Black "GrandUnified"]
[Result "1-0"]
[WhiteElo "1606"]
[BlackElo "1576"]
[Opening "King's Indian: 5.Nf3"]
[ECO "E90"]
[Time "09:00:58"]
[TimeControl "2700+45"]

1. Nf3 Nf6 2. c4 g6 3. Nc3 Bg7 4. e4 d6 5. d4 O-O 6. h3 Nbd7 7. Bg5 e5 8. d5 a5
9. Be2 Nc5 10. Nd2 c6 11. a3 a4 12. b4 axb3 13. Nxb3 Nxb3 14. Qxb3 Qa5 15. O-O
h6 16. Be3 Nd7 17. Rfd1 Nc5 18. Bxc5 Qxc5 19. Na4 Qa7 20. Nb6 Rb8 21. a4 Qa5 22.
Rab1 c5 23. Qb5 Qc3 24. Rbc1 Qa3 25. Ra1 Qc3 26. a5 f5 27. Na4 Qb4 28. Qxb4 cxb4
29. f3 Bf6 30. Nb6 Rd8 31. Rdb1 Bd7 32. Nxd7 Rxd7 33. Rxb4 Bd8 34. a6 b6 35.
Rba4 Ra7 36. Bd3 f4 37. Kh2 h5 38. g3 g5 39. gxf4 gxf4 40. Rg1+ Kf7 41. Ra2 Bh4
42. Rb1 Bd8 43. Rg1 Bh4 44. Rb1 Bd8 45. c5 dxc5 46. Bc4 Bh4 47. d6+ Ke8 48. Bb5+
Kd8 49. Rd1 Rg7 50. Rd5 Bf6 51. d7 Ra8 52. Rad2 Ra7 53. Rd6 Kc7 54. Rc6+ {Black
resigns} 1-0